 Dungeon Crawl Stone Soup version 0.22.0-2-ge58baed (webtiles) character file.

345 Firecrotchwizard the Cutter (level 6, 0/33 HPs)
             Began as a Vine Stalker Berserker on Aug 12, 2018.
             Was a Believer of Trog.
             Succumbed to a scorpion's poison
             ... on level 5 of the Dungeon.
             The game lasted 00:04:07 (3063 turns).

Firecrotchwizard the Cutter (VSBe)                  Turns: 3063, Time: 00:04:08

Health: 0/33       AC:  8    Str: 21    XL:     6   Next: 58%
Magic:  7/7        EV:  8    Int:  7    God:    Trog [**....]
Gold:   160        SH:  0    Dex: 14    Spells: 5/5 levels left

rFire    + . .     SeeInvis .   h - +0 dagger
rCold    . . .     Gourm    .   (no shield)
rNeg     . . .     Faith    .   n - +0 chain mail
rPois    .         Spirit   +   (no helmet)
rElec    .         Reflect  .   (no cloak)
rCorr    .         Harm     .   (no gloves)
MR       .....                  (no boots)
Stlth    ..........             (no amulet)
HPRegen  0.51/turn              w - ring of flight {+Fly, !d}
MPRegen  0.10/turn              q - ring of protection from fire {rF+, !d}

@: lethally poisoned (0 -> -2)
A: fangs 2, regeneration 1, magic shield, antimagic bite, no potion heal 3, rot
immunity
a: Berserk, Trog's Hand, Renounce Religion, Evoke Flight


You were on level 5 of the Dungeon.
You worshipped Trog.
Trog was pleased with you.
You were hungry.

You visited 1 branch of the dungeon, and saw 5 of its levels.

You collected 160 gold pieces.

Inventory:

Hand Weapons
 a - a +0 short sword
 h - a +0 dagger (weapon)
   (You took it off a goblin on level 1 of the Dungeon)
Armour
 b - a +0 animal skin
 n - a +0 chain mail (worn)
   (You found it on level 2 of the Dungeon)
 A - a +0 cloak
   (You found it on level 4 of the Dungeon)
Jewellery
 q - a ring of protection from fire (right hand) {rF+, !d}
   (You found it on level 2 of the Dungeon)
 w - a ring of flight (left hand) {+Fly, !d}
   (You found it on level 3 of the Dungeon)
Wands
 t - a wand of polymorph (8)
   (You took it off Ijyb on level 3 of the Dungeon)
Scrolls
 e - 2 scrolls of identify {unknown}
 g - 2 scrolls of remove curse {unknown}
 j - a scroll of blinking {unknown}
 l - 2 scrolls of teleportation {unknown}
 m - a scroll of immolation {unknown}
 p - a scroll of enchant weapon {unknown}
 s - a scroll of fear {unknown}
 v - a scroll of enchant armour {unknown}
 y - a scroll of amnesia {unknown}
 B - a scroll of magic mapping {unknown}
Potions
 d - a potion of magic {unknown}
 f - a potion of curing {unknown}
 i - a potion of cancellation {unknown}
 o - a potion of berserk rage {unknown}
 r - a potion of ambrosia
 u - a potion of agility {unknown}
 x - a potion of flight {unknown}
 z - a potion of haste {unknown}
Comestibles
 c - 7 rations {@e1}


   Skills:
 + Level 4.2 Fighting
 * Level 5.6 Short Blades
 - Level 1.5 Armour
 - Level 1.5 Dodging


You had 5 spell levels left.
You didn't know any spells.
Your spell library was empty.

Dungeon Overview and Level Annotations

Branches:
Dungeon (5/15)
 Temple: D:4-7

Altars:
Hepliaklqana
Okawaru


Innate Abilities, Weirdness & Mutations

You have extremely sharp teeth.
Your natural rate of healing is unusually fast.
When hurt, damage is shared between your health and your magic reserves.
Your bite disrupts and absorbs the magic of your enemies.
Potions cannot restore your health.
You are immune to rotting.


Message History

You hit the scorpion but do no damage.
The scorpion stings you but does no damage.
You hit the scorpion but do no damage.
You bite the scorpion, but do no damage.
The scorpion stings you but does no damage.
You are feeling hungry.
You completely miss the scorpion. You bite the scorpion. You drain its power.
You hit the scorpion but do no damage.
You bite the scorpion, but do no damage.
The scorpion stings you but does no damage.
You hit the scorpion but do no damage. You bite the scorpion.
You drain its power. The scorpion closely misses you.
Your chain mail prevents you from hitting the scorpion.
You bite the scorpion, but do no damage.
You hit the scorpion but do no damage. The scorpion stings you.
You are poisoned.
The scorpion poisons you!
You take 2 damage, and have 28/33 hp.
You now have 6/7 mp.
You hit the scorpion.
You bite the scorpion, but do no damage.
You feel sick. The scorpion stings you.
You are more poisoned.
The scorpion poisons you!
You take 3 damage, and have 25/33 hp.
You now have 5/7 mp.
You hit the scorpion but do no damage.
You feel sick. The scorpion stings you.
You take 5 damage, and have 20/33 hp.
You are too injured to fight recklessly!
You are too injured to fight recklessly!
You are too injured to fight recklessly!
You hit the scorpion but do no damage.
You bite the scorpion, but do no damage.
You feel sick.
You take 2 damage, and have 18/33 hp.
You closely miss the scorpion.
You feel sick.
The scorpion stings you but does no damage.
You take 1 damage, and have 17/33 hp.
You barely miss the scorpion.
You feel sick. The scorpion completely misses you.
You closely miss the scorpion. Your bite misses the scorpion.
You feel sick. The scorpion stings you.
You are lethally poisoned!
The scorpion poisons you!
You take 4 damage, and have 13/33 hp.
You now have 4/7 mp.
Your chain mail prevents you from hitting the scorpion.
You bite the scorpion.
You kill the scorpion!
Trog accepts your kill.
You feel sick.
You take 1 damage, and have 12/33 hp.
You feel sick.
You see here a scorpion corpse.
You take 1 damage, and have 11/33 hp.
* * * LOW HITPOINT WARNING * * *
You feel sick.
You take 2 damage, and have 9/33 hp.
There is a lethal amount of poison in your body!
There is a lethal amount of poison in your body!
There is a lethal amount of poison in your body!
It was a potion of ambrosia.
You are confused.
Your system rejects the healing.
You feel invigorated.
* * * LOW HITPOINT WARNING * * *
You feel sick.
You take 1 damage, and have 8/33 hp.
MP restored: 7
Okay, then.
There is a lethal amount of poison in your body!
There is a lethal amount of poison in your body!
* * * LOW HITPOINT WARNING * * *
You feel sick.
You take 2 damage, and have 6/33 hp.
* * * LOW HITPOINT WARNING * * *
You feel sick.
You feel less invigorated.
You feel less confused.
* * * LOW HITPOINT WARNING * * *
You feel sick.
You take 2 damage, and have 4/33 hp.
* * * LOW HITPOINT WARNING * * *
You feel sick.
A howler monkey comes into view.
* * * LOW HITPOINT WARNING * * *
You feel sick.
The howler monkey howls!
You take 2 damage, and have 2/33 hp.
* * * LOW HITPOINT WARNING * * *
You feel sick.
Unknown command.
* * * LOW HITPOINT WARNING * * *
You feel sick.
The howler monkey hoots and howls with incredible vigour!
You hear a bark!
You hear a shout!
You hear a bark!
You hear an angry hiss.
You hear a shout!
You take 1 damage, and have 1/33 hp.
* * * LOW HITPOINT WARNING * * *
You feel sick.
The howler monkey hits you but does no damage.
You hit the howler monkey but do no damage.
You bite the howler monkey. You drain its power.
You die...

#########
#<......#
#.#####.#
#†#####$###
#..@h.....#
#.##.#..#.#
#.# .# #
#.. .. #.#
##. #.# .#
#.. # ###


You could see a howler monkey.

Vanquished Creatures
  A scorpion (D:5)
  A bullfrog skeleton (D:4)
  A centaur zombie (D:2)
  Ijyb (D:3)
  An iguana (D:4)
  A worker ant (D:2)
  3 gnolls (D:4)
  5 adders
  3 oozes
  2 worms (D:2)
  2 dart slugs
  2 leopard geckos
  An orc (D:3)
  5 ball pythons
  5 bats
  4 giant cockroaches
  4 goblins
  8 hobgoblins (D:2)
  6 jackals
  A quokka (D:4)
  3 frilled lizards
  4 kobolds
  6 rats
70 creatures vanquished.

Notes
Turn   | Place    | Note
-------+----------+-------------------------------------------
     0 | D:1      | Firecrotchwizard the Vine Stalker Berserker began the quest for the Orb.
     0 | D:1      | Reached XP level 1. HP: 11/11 MP: 2/2
   242 | D:1      | Reached skill level 3 in Short Blades
   243 | D:1      | Reached XP level 2. HP: 12/16 MP: 3/3
   617 | D:1      | Reached skill level 3 in Fighting
  1144 | D:2      | Reached XP level 3. HP: 19/20 MP: 4/4
  1283 | D:2      | Gained mutation: Your natural rate of healing is unusually fast. [Vine Stalker growth]
  1283 | D:2      | Reached XP level 4. HP: 21/24 MP: 5/5
  1312 | D:2      | Reached skill level 4 in Short Blades
  1330 | D:2      | Reached ** piety under Trog
  1417 | D:2      | You fall through a shaft for 2 floors!
  1687 | D:2      | Reached XP level 5. HP: 25/29 MP: 6/6
  2118 | D:3      | Noticed Ijyb
  2137 | D:3      | Killed Ijyb
  2520 | D:4      | Reached skill level 4 in Fighting
  2520 | D:4      | Reached skill level 5 in Short Blades
  2520 | D:4      | Reached XP level 6. HP: 33/33 MP: 7/7
  2820 | D:4      | Found an iron altar of Okawaru.
  3008 | D:4      | Found a hazy altar of Hepliaklqana.
  3024 | D:5      | Entered Level 5 of the Dungeon
  3054 | D:5      | HP: 8/33 [poisoned by a scorpion]
  3059 | D:5      | HP: 2/33 [poisoned by a scorpion]
  3063 | D:5      | Succumbed to a scorpion's poison

Skill      XL: |  1  2  3  4  5 |
---------------+----------------+-----
Short Blades   | 3 4 5 |  5.6
Fighting       | 3 4 |  4.2
Armour         | |  1.5
Dodging        | |  1.5

Action                   |  1- 3 |  4- 6 || total
-------------------------+-------+-------++-------
Melee: Short sword       |    17 |       ||    17
       Bite              |    29 |    81 ||   110
       Dagger            |    73 |   227 ||   300
Invok: Berserk           |     1 |     2 ||     3
  Use: Potion            |       |     1 ||     1
 Stab: Sleeping          |     1 |       ||     1
  Eat: Chunk             |     2 |     7 ||     9
Armor: Animal skin       |    12 |       ||    12
       Chain mail        |     6 |   106 ||   112
Dodge: Dodged            |    64 |    64 ||   128

Vault maps used:
D:1:      denvon_arrival_waterhouse, minmay_shallow_snake_nest
D:2:      first_ration, minmay_crystal_water
D:3:      uniq_ijyb
D:4:      kennysheep_little_box, marbit_many_paths
D:5:      nicolae_overflow_hidden_temple

Table legend:
 A = Turns spent in this place as a percentage of turns spent in the entire game.
 B = Non-inter-level travel turns spent in this place as a percentage of non-inter-level travel turns spent in the entire game.
 C = Inter-level travel turns spent in this place as a percentage of turns spent in this place.
 D = Turns resting spent in this place as a percentage of non-inter-level travel turns spent in this place.
 E = Turns spent auto-exploring this place as a percentage of non-inter-level travel turns spent in this place.
 F = Non-inter-level travel turns spent in this place divided by the number of levels of this place that you've seen.
                   A       B       C       D       E      F
               +-------+-------+-------+-------+-------+----------------------
         Total | 100.0 | 100.0 |   4.3 |  11.9 |  67.9 | 586.4
       Dungeon | 100.0 | 100.0 |   4.3 |  11.9 |  67.9 | 586.4
               +-------+-------+-------+-------+-------+----------------------

Table legend:
 A = Kills in this place as a percentage of kills in entire the game.
 B = Kills by you in this place as a percentage of kills by you in the entire game.
 C = Kills by friends in this place as a percentage of kills by friends in the entire game.
 D = Other kills in this place as a percentage of other kills in the entire game.
 E = Experience gained in this place as a percentage of experience gained in the entire game.
 F = Experience gained in this place divided by the number of levels of this place that you have seen.
                   A       B       C       D       E      F
               +-------+-------+-------+-------+-------+----------------------
         Total | 100.0 | 100.0 |   N/A |   N/A | 100.0 |  98.6
       Dungeon | 100.0 | 100.0 |   N/A |   N/A | 100.0 |  98.6
               +-------+-------+-------+-------+-------+----------------------
